AoeStats
← Happy-Pangolin-5

Arabia

510225252Analyzed
1v1 RM · 3d ago on Sep 30, 2026· 37m 0s· 2 players
Game mode
Random Map
Map size
Tiny (2 player)
Population
200
Speed
Normal
Resources
Standard
Victory
Conquest
Starting age
Dark Age
Ending age
Imperial Age
RankedLock teamsTeams togetherTeam positionsShared explorationLock speedFull tech treeHidden civsTurbo modeCheats
Victory
Defeat
🇨🇱 Ethiopians · Chile
984
+15
🇺🇸 Khitans · United States
973
-15
Happy-Pangolin-5
4:46 Loom
10:09 Feudal Age
11:02 Double-Bit Axe
20:33 Domestication
24:25 Castle Age
23:12 Scale Barding Armor
23:25 Forging
25:42 Chain Barding Armor
25:59 Iron Casting
34:02 Husbandry
34:16 Fletching
34:31 Padded Archer Armor
Mauroko
4:30 Loom
10:02 Feudal Age
10:08 Man-at-Arms
16:18 Fletching
18:53 Horse Collar
23:54 Castle Age
22:23 Padded Archer Armor
23:40 Double-Bit Axe
24:02 Crossbowman
24:48 Thumb Ring
25:40 Bodkin Arrow
27:04 Heavy Plow
27:17 Bow Saw
28:35 Squires
31:20 Gold Mining
33:10 Gold Shaft Mining
Connection lost

Rejoining the realm…

Still unreachable

The connection could not be restored.

Session expired

The server has moved on; the page needs a fresh start.